 Dungeon Crawl Stone Soup version 0.16.1-51-g6203257 (webtiles) character file.

68 uhvn the Sneak (level 4, -2/21 HPs)
             Began as a Vine Stalker Enchanter on July 10, 2015.
             Was an Initiate of Gozag.
             Slain by an iguana (9 damage)
             ... on level 3 of the Dungeon.
             The game lasted 00:09:21 (1580 turns).

uhvn the Sneak (Vine Stalker Enchanter)             Turns: 1580, Time: 00:09:21

Health: -2/21      AC:  4    Str: 10    XL:     4   Next: 19%
Magic:  0/9        EV: 12    Int: 15    God:    Gozag
Gold:   61         SH:  0    Dex: 16    Spells: 3 memorised, 3 levels left

rFire  . . .     SeeInvis .     a - +1 dagger
rCold  . . .     Clarity  .     b - +1 robe
rNeg   . . .     SustAb   .     (no shield)
rPois  .         Gourm    .     (no helmet)
rElec  .         Spirit   +     o - +0 cloak
rCorr  .         Warding  .     (no gloves)
rMut   .         Stasis   .     (no boots)
MR     .....                    (no amulet)
Stlth  +++.......               (no ring)
                                (no ring)

@: bonded with blade, not resistant to hostile enchantments, fairly stealthy
A: fangs 2, regeneration 1, magic shield, antimagic bite, no device heal 3, rot
immunity
a: Potion Petition, Call Merchant, Bribe Branch, Renounce Religion


You were on level 3 of the Dungeon.
You worshipped Gozag.
Gozag was noncommittal.
You were very hungry.

You visited 1 branch of the dungeon, and saw 3 of its levels.

You collected 136 gold pieces.
You paid 75 gold pieces to Gozag.

Inventory:

Hand weapons
 a - a +1 dagger (weapon)
Armour
 b - a +1 robe (worn)
 o - a +0 cloak (worn)
Jewellery
 f - an uncursed amulet of rage {unknown}
Scrolls
 e - 3 scrolls of identify {unknown}
 i - a scroll of fog {unknown}
 k - a scroll of blinking {unknown}
 l - a scroll of enchant armour {unknown}
 m - a scroll of magic mapping {unknown}
 p - a scroll of random uselessness {unknown}
Potions
 h - 2 potions of cure mutation {unknown}
 j - a potion of ambrosia {unknown}
 n - a potion of heal wounds {unknown}
Books
 c - a book of Maledictions

   Spells                             Type                      Level
   a - Corona                         Hexes                        1
   b - Sure Blade                     Hexes/Charms                 2
   c - Ensorcelled Hibernation        Hexes/Ice                    2
   d - Confuse                        Hexes                        3
   e - Dazzling Spray                 Conjuration/Hexes            3
   f - Enslavement                    Hexes                        4
Comestibles
 d - 2 bread rations
 g - a slice of pizza


   Skills:
 * Level 0.8 Fighting
 * Level 2.0 Short Blades
 + Level 1.9 Dodging
 + Level 4.2 Stealth
 + Level 2.5 Spellcasting
 - Level 3.0 Hexes
 + Level 0.6 Charms
 + Level 0.4 Ice Magic


You had 3 spell levels left.
You knew the following spells:

 Your Spells              Type           Power        Failure   Level  Hunger
a - Corona                Hex            ##.....      8%          1    #......
b - Ensorcelled Hibernat  Hex/Ice        #.....       17%         2    ###....
c - Sure Blade            Hex/Chrm       #.........   17%         2    ###....


Dungeon Overview and Level Annotations

Branches:
Dungeon (3/15)

Altars:
Gozag
Okawaru


Innate Abilities, Weirdness & Mutations

You have extremely sharp teeth.
Your natural rate of healing is unusually fast.
When hurt, damage is shared between your health and your magic reserves.
Your bite disrupts and absorbs the magic of your enemies.
Potions and wands cannot restore your health.
You are immune to rotting.


Message History

You hit the iguana.
The iguana is moderately wounded.
The iguana barely misses you.
You hit the iguana. You bite the iguana, but do no damage.
The iguana is heavily wounded.
The iguana bites you!
You hit the iguana.
The iguana is heavily wounded.
You are feeling very hungry.
The iguana bites you!
* * * LOW HITPOINT WARNING * * *
Casting: Sure Blade
Confirm with . or Enter, or press ? or * to list all spells.
You don't have enough magic to cast that spell.
The bond with your blade fades away.
Casting: Sure Blade
Confirm with . or Enter, or press ? or * to list all spells.
You become one with your weapon.
The iguana bites you!
You die...
Your body crumbles into a pile of gold.

#.....#.# #........#
#.....#.# #........#
#.....#.# ######....
#.....#.# #####
#.....#.# #####
#.....#.#########....
#.......#.........###
#....l###.........#..
####@## #.........#.#
#.# #.#######.#.#
#.####.# #####.#.#
#......# #......(#
#......# #.......#
#..#######.......#
#................#
##########.......#
#.......#


You could see an iguana.

Vanquished Creatures
  2 adders (D:2)
  A giant gecko (D:2)
  An ooze (D:1)
  A giant cockroach (D:2)
  3 goblins
  8 hobgoblins
  10 jackals
  2 ball pythons (D:1)
  5 bats
  2 kobolds (D:2)
  A quokka (D:2)
  9 rats
45 creatures vanquished.

Notes
Turn   | Place    | Note
--------------------------------------------------------------
     0 | D:1      | uhvn, the Vine Stalker Enchanter, began the quest for the Orb.
     0 | D:1      | Reached XP level 1. HP: 9/9 MP: 3/3
    16 | D:1      | Reached skill level 1 in Short Blades
    68 | D:1      | Reached XP level 2. HP: 11/13 MP: 3/5
    91 | D:1      | Learned a level 2 spell: Ensorcelled Hibernation
    94 | D:1      | Learned a level 2 spell: Sure Blade
   555 | D:2      | Found an iron altar of Okawaru.
   638 | D:2      | Reached XP level 3. HP: 10/17 MP: 0/7
   684 | D:2      | Reached skill level 4 in Stealth
  1180 | D:2      | Found an opulent altar of Gozag.
  1189 | D:2      | Became a worshipper of Gozag Ym Sagoz the Greedy
  1258 | D:2      | Reached XP level 4. HP: 21/21 MP: 9/9
  1580 | D:3      | Slain by an iguana

Action                   |  1- 3 |  4- 6 || total
-------------------------+-------+-------++-------
Melee: Dagger            |   147 |    14 ||   161
 Cast: Ensorcelled Hiber |     4 |       ||     4
       Sure Blade        |     4 |     3 ||     7
       Corona            |     1 |       ||     1
 Stab: Sleeping          |     8 |       ||     8
  Eat: Chunk             |     2 |       ||     2
